[Event "SixDays Budapest January IM-B 2025"]
[Site "Budapest"]
[Date "2025.01.30"]
[Round "7.1"]
[White "Horvath, David"]
[Black "Subramanian, Anusha"]
[Result "1/2-1/2"]
[Annotator "TA"]
[ECO "D35"]
[WhiteElo "2299"]
[BlackElo "2044"]
[PlyCount "37"]
[EventDate "2025.01.24"]
[EventType "tourn"]
[EventCountry "HUN"]
[SourceTitle "playchess.com"]
[Source "ChessBase"]
[SourceQuality "1"]
[TimeControl "5400+30"]

1. c4 e6 2. Nc3 d5 3. d4 Nf6 4. cxd5 exd5 5. Bg5 c6 6. e3 h6 7. Bh4 Be7 8. Bd3 O-O 9. Qc2 Re8 10. Nge2 Nbd7 11. O-O b6 {[%emt 0:08:22] 11...Nh5 is becoming the main line. D36: Queen's Gambit Declined: Exchange Variation: Main line (5 Bg5 c6 6 Qc2).} 12. Rae1 Bb7 13. f3 c5 {[%emt 0:02:44] The position is equal.} 14. Bf2 a6 15. Qd2 b5 $146 (15... c4 16. Bb1 b5 17. Ng3 b4 18. Nce2 a5 19. e4 dxe4 20. fxe4 Bf8 21. e5 Nxe5 22. Rd1 Neg4 {0-1 Kawenski,L-Stefanik,M POL-chT U19 2nd League 2001 (3)}) 16. dxc5 Bxc5 17. a4 b4 18. Na2 Ne5 {[%emt 0:08:10][%cal Of6e4] [#] Threatens to win with ...Ne4!.} 19. Rc1 {[%emt 0:09:01] White got outplayed after the opening.   Weighted Error Value: White=0.11 (very precise) /Black=0.02 (flawless)   Inaccurate:     	White=1     	---        OK:         	White=3     	Black=3      Best:        	---       	Black=1} 1/2-1/2

[Event "SixDays Budapest January IM-B 2025"]
[Site "Budapest"]
[Date "2025.01.30"]
[Round "7.2"]
[White "Papp, Bence"]
[Black "Senthil Maran K"]
[Result "0-1"]
[Annotator "TA"]
[ECO "B31"]
[WhiteElo "2272"]
[BlackElo "2398"]
[PlyCount "74"]
[EventDate "2025.01.24"]
[EventType "tourn"]
[EventCountry "HUN"]
[SourceTitle "playchess.com"]
[Source "ChessBase"]
[SourceQuality "1"]
[TimeControl "5400+30"]

1. e4 c5 2. Nf3 Nc6 3. Bb5 g6 4. Bxc6 bxc6 5. O-O Bg7 6. Re1 Rb8 7. c3 Nf6 8. e5 Nd5 {[%emt 0:00:10] The position is equal.} 9. c4 Nb4 10. d3 (10. d4 $14) 10... O-O $11 11. Nc3 d5 {[%emt 0:02:04] Dodges Ne4} 12. a3 Na6 13. h3 Nc7 (13... dxc4 $15 14. dxc4 Qxd1 15. Nxd1 Be6) 14. cxd5 (14. Na4 $1 $14) 14... cxd5 15. d4 c4 16. b4 {[%emt 0:08:47] [#]} a5 $1 17. bxa5 Ne6 18. Bd2 Qxa5 19. Ne2 Qc7 20. Bb4 Ba6 21. Qd2 Rfc8 22. Nc3 Qd7 23. Rab1 Rb7 24. Nh2 h5 25. g3 Nd8 26. Nf1 (26. Nf3 $15) 26... Nc6 27. Ne3 e6 (27... Bh6 $17 28. h4 Rcb8) 28. Bd6 $2 {[%emt 0:02:15] [#] Now White is beyond hope.} (28. Nc2 $15) 28... Nxd4 $1 $19 29. Qxd4 {[%emt 0:00:37] aiming for Rxb7.} Qxd6 30. Rxb7 Bxb7 31. exd6 (31. Nc2 {was necessary.} Qc5 32. Qxc5 Rxc5 33. Nd4) 31... Bxd4 32. Nexd5 (32. Nb5 $142 Bc5 33. Ra1) 32... Bxd5 33. Nxd5 exd5 {[%emt 0:00:12] KRB-KR} 34. d7 Rf8 35. Rd1 {[%emt 0:02:13] [#]} (35. Re8 $142 Bb6 36. a4) 35... c3 $1 {[%emt 0:00:59][%cal Of8d8] Threatens to win with ...Rd8! Black is clearly winning.} 36. Kf1 {[%emt 0:00:57] [#]} Rd8 $1 37. Ke2 c2 {[%emt 0:00:06] Weighted Error Value: White=0.63/Black=0.26 (precise) .  Loses game:     	White=1     	---        Mistake:       	White=6     	Black=2      Inaccurate:     	White=3     	Black=2      OK:         	White=10    	Black=12     Best:        	White=1     	Black=3} 0-1

[Event "SixDays Budapest January IM-B 2025"]
[Site "Budapest"]
[Date "2025.01.30"]
[Round "7.3"]
[White "Tancsa, Tamas"]
[Black "Meers, Hubert"]
[Result "0-1"]
[Annotator "TA"]
[ECO "B40"]
[WhiteElo "2192"]
[BlackElo "2198"]
[PlyCount "100"]
[EventDate "2025.01.24"]
[EventType "tourn"]
[EventCountry "HUN"]
[SourceTitle "playchess.com"]
[Source "ChessBase"]
[SourceQuality "1"]
[TimeControl "5400+30"]

1. e4 c5 2. Nf3 e6 3. d4 cxd4 4. Nxd4 Nf6 5. Nc3 Nc6 6. Nxc6 bxc6 7. e5 Nd5 8. Ne4 Qc7 9. f4 Qb6 10. c4 Bb4+ 11. Ke2 f5 12. Nf2 Ba6 13. Kf3 Ne7 14. Be3 Bc5 $1 15. Bxc5 {[%emt 0:00:16] B45: Sicilian Four Knights.} Qxc5 16. Qd6 Qb6 {[%emt 0:00:38] A sharp opening} 17. b4 {[%emt 0:12:50] White has an edge.} Bb7 (17... c5 {keeps more tension.} 18. Rd1 Bb7+ 19. Kg3 cxb4 20. Qxd7+ Kf7) 18. Qc5 g5 19. g3 Qd8 $146 (19... gxf4 20. gxf4 Qxc5 21. bxc5 Rg8) (19... g4+ 20. Ke3 h5 21. h4 Qc7 22. Bg2 Kf7 23. Rhd1 Rhd8 24. Nd3 a5 25. a3 Ba6 {0-1 Scherbinin,K (2168)-Al Hosani,O (2202) Titled Tuesday intern op 19th Oct blitz 2021 (3)}) 20. Be2 gxf4 (20... a5 {simplifies} 21. Ke3 axb4 22. Qxb4 gxf4+ 23. gxf4 Ba6) 21. gxf4 Ng6 22. Ke3 Qh4 (22... a5 $14) 23. Nd3 $16 Kf7 24. Qd4 d6 25. Qxd6 $2 (25. exd6 $18 {and Rhg1 should not be overlooked} a5 26. Rhb1) 25... Rhe8 $1 $11 26. Rhf1 (26. Raf1 $1 $14) 26... c5 $1 27. Nxc5 Bg2 {[%emt 0:00:13] and ...Qh3+ would now be decisive} 28. Rf2 Qh3+ (28... Rad8 $5 29. Qc7+ $8 Kg8 $16) 29. Bf3 $1 Nh4 {[%emt 0:00:07] [#] Dancing on a razor blade.} 30. Rg1 $1 Nxf3 (30... Bxf3 $2 31. Rg3 $18) 31. Rgxg2 {[%emt 0:00:49] Qc7+ would kill now.} Nxh2+ 32. Ke2 (32. Kd2 $11 Ng4 33. Rxg4 (33. Re2 $2 Rad8 $19) 33... fxg4 34. Ne4) 32... Ng4 $15 33. Nxe6 $2 Qe3+ 34. Kd1 Nxf2+ 35. Rxf2 $2 (35. Kc2 Qe4+ (35... Rxe6 36. Qd7+ Kf8 37. Qg7+ Ke8 38. Qg8+ Kd7 39. Rg7+ Re7 40. Qd5+ Kc8 41. Qc6+ Kd8 42. Rg8+) 36. Kb3 Rxe6 (36... Qxg2 37. Ng5+ $17) 37. Qd7+ Re7 38. Rg7+ Kxg7 39. Qxe7+ Kg8 40. Qe6+ Kh8 (40... Kf8 41. Qf6+ Ke8 42. Qe6+ Kd8 43. Qf6+ Kc7 44. Qe7+ Kc8 45. Qe8+ Kb7 46. Qe7+ Kb6 47. c5+ Kc6 48. Qd6+ Kb7 49. Qd7+ Kb8 50. Qd8+ Kb7 51. Qd7+ Kb8 52. Qd8+ Kb7 53. Qe7+ Kc8 54. Qe8+ Kc7 55. Qf7+ Kd8 56. Qg8+ Ke7 57. Qg7+ Ke8 58. Qg8+ Ke7 59. Qg7+ Ke8 60. Qh8+ Kf7 61. Qxh7+ Kf8 62. Qh8+ Kf7 63. Qh7+ Kf8 64. Qh6+ Kg8 65. Qg6+ Kh8 66. Qh6+ Kg8 67. Qe6+ Kh8 68. Qf6+ Kg8 69. Qg6+ Kh8 70. Qh6+ Kg8 $11) 41. Qf6+ Kg8 42. Qe6+ (42. Qg5+ Kf8 $11)) 35... Qxf2 $19 36. Ng5+ Kg8 {[%emt 0:00:04][%cal Oa8d8] ( -> ...Rad8!)} 37. Qd5+ Kh8 38. Nf7+ Kg7 39. Nd6 Rf8 {[%emt 0:01:36] Inhibits Qf7+.} 40. e6 Rad8 (40... Qxa2 41. e7 $17) 41. e7 (41. Qe5+ $142 Kg8 (41... Rf6 42. c5 $17) 42. e7 Rxd6+ (42... Qxa2 $2 43. exd8=Q Qb1+ 44. Ke2 $18) 43. Qxd6 Qf3+ 44. Kd2 Qg2+ 45. Kc3 Qg7+ 46. Kb3) 41... Qf1+ ({Inferior is} 41... Qxa2 42. Nxf5+ (42. exd8=B Qb1+ 43. Kd2 Qxb4+ 44. Kc2 Qa4+ 45. Kc3 Qa3+ 46. Kd4 Qa1+ 47. Kc5 Rxd8 $11) (42. exd8=N Qb3+ 43. Ke2 Qc2+ 44. Kf1 Qc1+ 45. Kg2 Qc2+ 46. Kf1 Qc1+ 47. Ke2 Qc2+ 48. Kf1 $11) (42. exd8=Q Qb1+ 43. Ke2 Qc2+ 44. Kf1 Qb1+ 45. Kf2 Qb2+ 46. Kg1 Qc1+ 47. Kf2 Qb2+ 48. Kf1 Qb1+ 49. Kg2 Qc2+ 50. Kh3 Qc3+ 51. Kg2 Qb2+ 52. Kg3 Qc3+ 53. Kh2 Qb2+ 54. Kg1 Qc1+ 55. Kg2 Qc2+ 56. Kf3 Qb3+ 57. Kg2 Qb2+ 58. Kg3 Qc3+ 59. Kh2 Qc2+ 60. Kh3 Qc3+ 61. Kg2 Qb2+ $11) 42... Rxf5 43. exd8=Q $14) 42. Kc2 Qe2+ (42... Qxf4 $2 43. exd8=R (43. exf8=R Rxf8 44. c5 Kf6 $17) 43... Qf2+ 44. Kb3 Rxd8 45. Qf7+ (45. Qxf5 $2 {loses.} Qg3+ 46. Ka4 Qxd6 $19) (45. Nxf5+ Kg6 $18) 45... Kh6 46. Qf6+ (46. Nxf5+ Kg5 $18) 46... Kh5 47. Qxd8 $18) 43. Kb3 Qxe7 44. Nxf5+ {[%emt 0:00:31] [#]} Rxf5 $1 45. Qxf5 Qf6 46. Qe4 Qd6 {[%emt 0:01:48] ( -> ...Qd3+)} 47. c5 Qd3+ 48. Qxd3 Rxd3+ 49. Kc4 Rd1 {[%emt 0:00:09] ( -> ...h5)} 50. a4 h5 {[%emt 0:00:19] What a bad dream for White.   Weighted Error Value: White=0.52/Black=0.34  Loses game:     	White=1     	Black=1      Missed win:     	White=1     	---        Mistake:       	White=4     	Black=1      Inaccurate:     	White=1     	Black=3      OK:         	White=7     	Black=4      Best:        	White=4     	Black=6      Strong:       	White=1     	Black=2} 0-1

[Event "SixDays Budapest January IM-B 2025"]
[Site "Budapest"]
[Date "2025.01.30"]
[Round "7.4"]
[White "Vandan Alankar Sawai"]
[Black "Krizsany, Laszlo"]
[Result "0-1"]
[Annotator "TA"]
[ECO "B40"]
[WhiteElo "2177"]
[BlackElo "2303"]
[PlyCount "54"]
[EventDate "2025.01.24"]
[EventType "tourn"]
[EventCountry "HUN"]
[SourceTitle "playchess.com"]
[Source "ChessBase"]
[SourceQuality "1"]
[TimeControl "5400+30"]

1. e4 c5 2. Nf3 e6 3. d4 cxd4 4. Nxd4 Nf6 5. Nc3 Qb6 (5... Nc6 $11) 6. e5 {[%emt 0:03:58] B40: Sicilian: 2...e6, Unusual lines.} Bc5 {[%emt 0:00:39] [#]} 7. Na4 ({White should try} 7. Ndb5 $1 $16 Nd5 (7... Bxf2+ 8. Ke2 $16) 8. Ne4 (8. Nxd5 exd5 9. Nd6+ Bxd6 $16)) 7... Qa5+ $11 8. c3 {[%emt 0:00:25] and Nxc5 should not be overlooked. The position is equal.} Bxd4 9. Qxd4 Nc6 $1 10. Qd1 (10. Qc5 $15 Qxc5 (10... Qxa4 11. exf6 gxf6 12. Bb5 $11) 11. Nxc5 Nxe5 12. Nb3) 10... Qxe5+ $17 11. Be2 $146 (11. Qe2 $17) (11. Be3 Nd5 12. Be2 Nxe3 13. fxe3 Qxe3 14. Qd6 Qe5 15. Qd3 O-O 16. O-O d5 17. Bd1 {0-1 Ladron De Guevara Mendez,L (1319)-Marinozzi,N Rio Grande Domingo op 20th blitz 2020 (3)}) 11... b5 $19 12. f4 {[%emt 0:01:33] [#]} Qf5 13. Bd3 Qd5 {[%emt 0:00:27][%cal Od5g2] Hoping for ...Qxg2!.} 14. Qe2 bxa4 15. O-O Bb7 16. Be3 Qh5 17. Qd2 Ng4 {[%emt 0:01:12][%csl Gg4][%cal Rh5h2] Black is clearly winning.} 18. h3 Nxe3 19. Qxe3 Qa5 20. Qg3 g6 21. Rae1 Ba6 22. Kh2 Bxd3 23. Qxd3 Rb8 24. Rd1 d5 ({Weaker is} 24... Rxb2 25. Qxd7+ Kf8 26. Qxc6 $17) 25. Rfe1 Rxb2 26. f5 gxf5 27. Qxf5 Rg8 {[%emt 0:04:23] White did not feel at home in the position after the opening.   Weighted Error Value: White=0.86/Black=0.07 (flawless)   Loses game:     	White=1     	---        Mistake:       	White=2     	---        Inaccurate:     	White=2     	---        OK:         	White=3     	Black=13     Best:        	---       	Black=3} 0-1

[Event "SixDays Budapest January IM-B 2025"]
[Site "Budapest"]
[Date "2025.01.30"]
[Round "7.5"]
[White "Varga, Csaba Zoltan"]
[Black "Ongut, Tamas Gunes"]
[Result "1/2-1/2"]
[Annotator "TA"]
[ECO "A00"]
[WhiteElo "2198"]
[BlackElo "2262"]
[PlyCount "116"]
[EventDate "2025.01.24"]
[EventType "tourn"]
[EventCountry "HUN"]
[SourceTitle "playchess.com"]
[Source "ChessBase"]
[SourceQuality "1"]
[TimeControl "5400+30"]

1. a4 e5 2. e4 Nf6 3. Nc3 Bb4 4. Nf3 O-O 5. Nxe5 Re8 6. Nd3 {[%emt 0:00:22] A00: Irregular Openings.} Nxe4 7. Nxe4 $146 (7. Be2 Bf8 8. Nf4 c6 9. Nxe4 Rxe4 10. d3 {½-½ Rogers,J (2337)-Morris,C (2197) BCF-chT1d 0809 (4NCL) Demotion pool 2008 (10.3)}) 7... Rxe4+ 8. Be2 Bf8 9. O-O d5 10. Bf3 Re8 11. Nf4 c6 12. d4 a5 13. Be2 Nd7 14. Bd3 Nf6 15. Nh5 Nxh5 16. Qxh5 {[%emt 0:00:05][%csl Gd3][%cal Rh5h7] [#]} g6 {[%emt 0:00:14] Successful Defense Black. The position is symmetric and equal} 17. Qg5 Qxg5 18. Bxg5 Bd6 {[%emt 0:10:04] Not much happening anymore} 19. Rfe1 Bd7 20. Bf6 ({White should try} 20. Rxe8+ $11 Rxe8 21. Bd2) 20... Bc7 (20... Rxe1+ $1 $15 21. Rxe1 b5) 21. g3 Rxe1+ 22. Rxe1 Re8 23. Rxe8+ Bxe8 $11 {[%emt 0:00:08][%mdl 4096] Endgame KBB-KBB} 24. c3 Bd7 25. f3 Bf5 26. Bxf5 gxf5 $14 {[%emt 0:00:06] KB-KB} 27. Kg2 h5 28. Kf2 Kh7 29. Be5 (29. Be7 $14 {is more appropriate.}) 29... Bd8 (29... Bxe5 $11 30. dxe5 f4) 30. Ke3 Kg6 31. Kd3 f6 32. Bb8 Kf7 33. b3 Ke6 34. c4 dxc4+ (34... Be7 $142) 35. bxc4 $16 Be7 (35... Kd7 $16) 36. Bf4 Bb4 {[%emt 0:02:24] [#]} 37. Bd2 $1 b6 38. Bxb4 (38. Bf4 $18) 38... axb4 $18 {[%emt 0:00:07] KP-KP} 39. c5 $1 bxc5 40. a5 $1 Kd6 $1 {[%emt 0:02:01] and ...cxd4 should not be overlooked} 41. a6 ({But not} 41. dxc5+ $2 Kxc5 42. a6 Kb6 $19) 41... Kc7 $1 42. dxc5 Kb8 $1 43. Kc4 Ka7 44. Kxb4 Kxa6 45. h4 (45. Kc3 $16 {h4 is the strong threat.} Kb5 46. Kd4) 45... f4 $1 $11 {[%emt 0:03:12] The position is equal.} 46. gxf4 Kb7 $1 47. Kc4 Kc7 48. Kc3 Kc8 49. Kd3 Kd7 50. Ke3 Ke7 51. Kd4 Kd7 52. Kc4 Kc7 53. Kb4 Kb7 54. Ka5 Ka7 55. Kb4 (55. f5 $5) 55... Kb7 56. Kc4 Kc7 57. Kd4 Kd7 58. Ke4 {[%emt 0:00:03] Kf5 would kill now.} Ke6 {[%emt 0:00:08] Weighted Error Value: White=0.13 (very precise) /Black=0.10 (very precise)   Mistake:       	White=4     	Black=4      Inaccurate:     	White=2     	Black=4      OK:         	White=14    	Black=21     Best:        	White=2     	Black=3      Strong:       	White=2     	Black=5} 1/2-1/2

[Event "SixDays Budapest January IM-B 2025"]
[Site "Budapest"]
[Date "2025.01.30"]
[Round "8.1"]
[White "Subramanian, Anusha"]
[Black "Ongut, Tamas Gunes"]
[Result "0-1"]
[Annotator "TA"]
[ECO "A05"]
[WhiteElo "2044"]
[BlackElo "2262"]
[PlyCount "134"]
[EventDate "2025.01.24"]
[EventType "tourn"]
[EventCountry "HUN"]
[SourceTitle "playchess.com"]
[Source "ChessBase"]
[SourceQuality "1"]
[TimeControl "5400+30"]

1. Nf3 Nf6 2. b3 d6 3. d4 c5 4. e3 g6 5. Bb2 Bg7 6. dxc5 {[%emt 0:03:58] A46: 1 d4 Nf6 2 Nf3 e6: Torre, London and Colle Systems.} Qa5+ 7. Nbd2 Qxc5 8. Bd3 {[%emt 0:01:15] White has an edge.} O-O 9. O-O Nc6 10. a3 e5 $146 (10... Bg4 11. h3 Bxf3 12. Nxf3 Rac8 13. c4 Qb6 14. b4 Rfd8 15. Qe2 Nd7 16. Bxg7 Kxg7 17. Rfd1 Nde5 18. Nxe5 Nxe5 {½-½ Grabinsky,V (2219)-Costa,P (1974) Titled Tuesday intern op 23rd June blitz 2020 (10)}) 11. c4 Qb6 12. Qc2 h6 13. b4 Be6 14. Rac1 Nd7 15. Be4 (15. Rfd1 $14) 15... a5 16. c5 dxc5 17. bxc5 Qa7 18. Bxc6 bxc6 19. Nc4 Bxc4 (19... Nxc5 20. Ncxe5 Nb3 21. Nxc6 $18) 20. Qxc4 Rab8 21. Rc2 Rb5 22. Qe4 Qb7 (22... Nxc5 23. Qxc6 Qd7 24. Qxd7 Nxd7 25. a4 $11) 23. Ba1 ({White should play} 23. Bc3 $15) 23... Rxc5 ({Black should try} 23... Nxc5 $17 24. Qc4 Nb3) 24. Rxc5 $11 Nxc5 25. Qc2 Nd7 26. Bc3 Qb5 27. Rb1 Qc5 28. Qd2 Qxa3 29. Bxa5 {[%emt 0:00:59][%cal Oa5b4] and Bb4! should not be overlooked} Rb8 30. Rd1 Rb7 {[%emt 0:02:43] Dodges Bc7} 31. h3 (31. Bc3 $15) 31... Nc5 $36 {[%emt 0:00:57][%mdl 2048] Hoping for ...Rd7. Keeping White busy.} 32. Qc3 {[%emt 0:07:21] [#]} Qxc3 (32... Rb3 $1 $17 33. Qa1 Qxa1 34. Rxa1 e4) 33. Bxc3 $15 Rd7 34. Rxd7 Nxd7 {[%emt 0:00:06][%mdl 4096] Endgame KBN-KBN. Black is a pawn up. Black continues to play with concentration.} 35. Kf1 (35. Nd2 $17 {was worth a try.}) 35... e4 $19 36. Nd4 Bxd4 37. exd4 {[%emt 0:03:37] KB-KN. Black is a pawn up.} f5 38. g3 Kf7 39. Bd2 h5 40. Ke2 Ke6 41. Bh6 Nb6 42. Bg7 $2 (42. Bg5) 42... Nc4 43. h4 $2 (43. Ke1) 43... Kd5 44. Bf6 {[%emt 0:02:56] [#]} f4 $1 45. gxf4 Nd6 46. f3 (46. Kd2 $142) 46... Nf5 47. fxe4+ Kxe4 48. Bg5 Nxd4+ 49. Kf2 Ne6 50. Be7 Kxf4 51. Bd6+ Kg4 {[%emt 0:00:13][%cal Oe6g7] ( -> ...Ng7!)} 52. Be7 Ng7 (52... Nd4 $142 53. Bc5 Nf5 54. Ba7 Kxh4 (54... Nxh4 $2 55. Bc5 $19) 55. Bb6 Kh3 56. Ba5 g5 57. Kf3 h4 58. Bb6 g4+ 59. Ke4 Ng7 60. Kf4 Ne6+ 61. Kf5 g3 62. Kxe6 Kg4 63. Ke5 h3 64. Ke4 h2 65. Ke5 h1=Q (65... h1=R $2 66. Ke4 $19) 66. Kd6 Qd5+ 67. Ke7 c5 68. Bc7 Qb7 69. Kf6 Qxc7 70. Ke6 g2 71. Kd5 g1=Q (71... g1=R {is a self mate.} 72. Kc4 Rc1+ 73. Kd5 Qd7+ 74. Ke5 Re1+ 75. Kf6 Re6#) 72. Kc4 Qd4+ 73. Kb3 Qb6+ 74. Kc2 Qbb2#) 53. Kg2 Nf5 {[%emt 0:00:10][%csl LRe7,LRh4] Black mates.} 54. Bc5 Nxh4+ 55. Kf2 Nf5 56. Kg2 g5 57. Kf2 Kf4 58. Bb6 g4 59. Ba7 h4 60. Kg2 g3 61. Bb8+ Kg4 62. Bc7 h3+ 63. Kg1 c5 64. Be5 c4 65. Bc3 Kf3 66. Be1 Ne3 67. Bd2 {[#]} Nf1 $1 {[%emt 0:00:33] Weighted Error Value: White=0.63/Black=0.20 (precise)   Mistake:       	White=6     	Black=2      Inaccurate:     	White=8     	Black=3      OK:         	White=8     	Black=15     Best:        	White=1     	Black=2} 0-1

[Event "SixDays Budapest January IM-B 2025"]
[Site "Budapest"]
[Date "2025.01.30"]
[Round "8.2"]
[White "Krizsany, Laszlo"]
[Black "Varga, Csaba Zoltan"]
[Result "0-1"]
[Annotator "TA"]
[ECO "B07"]
[WhiteElo "2303"]
[BlackElo "2198"]
[PlyCount "96"]
[EventDate "2025.01.24"]
[EventType "tourn"]
[EventCountry "HUN"]
[SourceTitle "playchess.com"]
[Source "ChessBase"]
[SourceQuality "1"]
[TimeControl "5400+30"]

1. d4 d6 2. e4 Nf6 3. Nc3 e5 4. dxe5 dxe5 5. Qxd8+ Kxd8 6. Bc4 Ke8 7. Nf3 Bd6 8. Bg5 Nbd7 9. O-O-O {[%emt 0:05:37] B07: Pirc Defence: Miscellaneous Systems.} a6 10. Rhe1 b5 11. Bb3 {[%emt 0:08:42] The position is equal.} h6 12. Bh4 Bb7 13. Nd5 Nxd5 14. Bxd5 Bxd5 15. Rxd5 f6 16. Bg3 $146 (16. Nd2) 16... h5 17. h3 Kf7 18. c3 Rad8 19. Kc2 Nb6 20. Rd3 a5 21. Red1 a4 22. Nh4 g6 23. f4 exf4 24. Bxf4 Nc4 25. b3 {[%emt 0:03:10] [#]} (25. Bxd6 {simplifies} Rxd6 26. Rxd6 Nxd6 27. Rd5) 25... Bxf4 26. bxc4 (26. Rxd8 $14 Ne3+ 27. Kb1 Nxd1 28. Rxh8 axb3 29. axb3) 26... Rxd3 $15 27. Rxd3 bxc4 $11 {[%emt 0:00:45][%mdl 4096] Endgame KRB-KRN. Black is a pawn up.} 28. Rd7+ Ke6 29. Rd4 g5 30. Nf5 c5 (30... a3 $11 31. Rxc4 h4) 31. Rxc4 $14 Rd8 32. g3 (32. Rxa4 $14 Rd2+ 33. Kb3 c4+ (33... Rxg2 34. Ra7 $14) 34. Rxc4 (34. Kxc4 Ke5 $11)) 32... Rd2+ $15 33. Kb1 Be5 34. Rxc5 a3 (34... Rg2 $15 {is superior.}) 35. Rc6+ (35. Ra5 $11 {remains equal.}) 35... Kd7 $17 {[%emt 0:00:27] Black is much more active.} 36. Rb6 {[%emt 0:01:42] Dodges Rb2+} Bxc3 (36... Rh2 $17 37. Rb7+ Kc6) 37. Rb3 (37. Ng7 $15) 37... Bb2 38. Ng7 Kc6 ({Better is} 38... Rh2 $17 39. Nxh5 Rxh3) 39. Nxh5 $15 Kc5 40. Rf3 Kc4 41. Nxf6 Bd4 42. Rxa3 $2 {[%emt 0:02:03][%mdl 8192] This costs White the game.} Bxf6 {[%emt 0:00:12] KRB-KR} 43. Rf3 Bd4 44. e5 Bxe5 45. Rf5 $2 {[%emt 0:00:23] [#]} (45. a4) 45... Kc3 46. a4 $2 (46. Rf3+ $19 Kc4 47. g4) 46... Rd1+ {[%emt 0:01:48] Black mates.} 47. Ka2 Bd4 48. a5 Kc4 {[%emt 0:00:17] Weighted Error Value: White=0.57/Black=0.22 (precise)   Loses game:     	White=1     	---        Mistake:       	White=6     	Black=6      Inaccurate:     	White=2     	---        OK:         	White=14    	Black=13     Best:        	White=3     	Black=7} 0-1

[Event "SixDays Budapest January IM-B 2025"]
[Site "Budapest"]
[Date "2025.01.30"]
[Round "8.3"]
[White "Meers, Hubert"]
[Black "Vandan Alankar Sawai"]
[Result "1/2-1/2"]
[Annotator "TA"]
[ECO "A06"]
[WhiteElo "2198"]
[BlackElo "2177"]
[PlyCount "88"]
[EventDate "2025.01.24"]
[EventType "tourn"]
[EventCountry "HUN"]
[SourceTitle "playchess.com"]
[Source "ChessBase"]
[SourceQuality "1"]
[TimeControl "5400+30"]

1. Nf3 d5 2. c4 e6 3. e3 Nf6 4. Nc3 Be7 5. b3 O-O 6. Bb2 c5 7. cxd5 Nxd5 8. Nxd5 Qxd5 9. Bc4 Qd8 10. O-O {[%emt 0:00:24] A13: English Opening: 1...e6.} Nc6 11. d4 b6 (11... cxd4 $11 12. Nxd4 Nxd4 13. Qxd4 Qxd4 14. Bxd4 Bd7) 12. Qe2 {[%emt 0:00:26] White is better.} Bb7 13. Rfd1 Qc7 14. Rac1 Rad8 15. Bd3 $146 (15. h3 h6 16. Bb5 Qb8 17. Bxc6 Bxc6 18. Ne5 Be8 19. dxc5 Bxc5 20. Qg4 f5 21. Qc4 {1-0 Srihari,L (2236)-Raahul,V (2260) IND-ch Rapid 2024 (8)}) 15... Nb4 16. Bb1 Qb8 17. dxc5 Ba6 18. Qe1 bxc5 19. Ne5 Qc7 {[%emt 0:03:36] Dodges Nd7} 20. Nc4 (20. f4 $14) 20... Rxd1 $11 21. Qxd1 Rd8 22. Qg4 Bf8 {[%emt 0:01:05] Successful Defense Black} 23. Bf6 {[%emt 0:10:00] Qh4 would now be deadly.} Rd7 24. Ne5 $40 {[%emt 0:14:13][%mdl 128] White mounts an attack.} (24. Qe4 $5 g6 25. h3 $11) 24... Rd5 25. Be4 Qd6 26. f4 (26. Bxd5 exd5 (26... Nxd5 27. Qh5 $11) 27. Nd7 h5 $19 (27... Nxa2 $2 28. Be5 $18) (27... Bc8 28. Bxg7 Bxg7 29. Nf6+ Qxf6 30. Qxc8+ Bf8 31. Qg4+ Qg6 32. Qxg6+ hxg6 33. Kf1 $15)) (26. Bxh7+ $11 Kxh7 27. Qh5+ (27. Nxf7 $2 Qd7 $19) 27... Kg8 28. Qxf7+ Kh7 29. h3) 26... Rd2 $2 (26... Rxe5 $1 $17 27. fxe5 (27. Bxe5 $2 Qd2 $19) 27... Qd2) 27. Re1 (27. Bxh7+ $1 $14 Kxh7 28. Qh5+ (28. Nxf7 Qd5 $11) 28... Kg8 29. Qxf7+ (29. Nxf7 $2 Rxg2+ 30. Kxg2 Qd2+ 31. Kg3 Qxe3+ 32. Qf3 Qxc1 $19) 29... Kh7 30. Qg6+ Kg8 31. Qf7+) 27... Nd5 $2 {[%emt 0:02:24][%mdl 8192] [#]} (27... Nxa2 $2 28. Bxh7+ Kxh7 29. Qh5+ (29. Nxf7 Qc6 $14) 29... Kg8 30. Qxf7+ Kh7 31. Ng6 $18 (31. Qxa7 $2 Rd1 $19)) (27... Bd3 $15 {keeps the upper hand.} 28. Nxd3 Nxd3) 28. Bxh7+ $1 $18 Kxh7 29. Qh5+ Kg8 {[%emt 0:00:09] ...Qc7 would now be deadly.} 30. Qxf7+ Kh7 {[%emt 0:00:11] [#]} 31. Qg6+ {[%emt 0:05:08][%mdl 1024] White has strong compensation.} Kg8 {[%emt 0:00:03] [#]} 32. Qf7+ (32. Bh4 $1 $18) 32... Kh7 $14 33. Nd7 ({Better is} 33. Bh4 $1 $14) 33... Kh8 (33... Nxe3 $1 $11 {keeps the balance.} 34. Nxf8+ Qxf8 35. Qxf8 Rxg2+ 36. Kh1 Bb7) 34. Be5 $16 {[%emt 0:01:38][%cal Od7f8] The board is on fire. White is more active.} (34. Qxf8+ $2 Qxf8 35. Nxf8 Nxf6 $19 (35... gxf6 $2 36. Nxe6 f5 37. Nxc5 $19)) 34... Qe7 35. Qxf8+ {[%emt 0:00:05][%csl Oe5] Strong Square White (e5)} Qxf8 36. Nxf8 Nb4 (36... Bc8 $16 {was worth a try.}) 37. Nxe6 $18 Bb7 38. e4 $2 (38. Nxg7 Nd3 (38... Rxg2+ 39. Kf1 $16) 39. Ne8+ (39. Ne6+ $2 Kg8 $19) 39... Kg8 $17) ({Resist} 38. Nxc5 Rxg2+ 39. Kf1 Bf3 $16) (38. Bxg7+ $18 Kg8 39. Bc3 (39. Nxc5 Rxg2+ 40. Kf1 Rxg7 $14) (39. e4 Nd3 $11) 39... Rxg2+ 40. Kf1 Nxa2 41. e4 (41. Nxc5 Nxc3 42. Nxb7 Rxh2 $16) 41... Rxh2 42. Be5 (42. Nxc5 Nxc3 43. Re3 Nxe4 $14) (42. Kg1 Rc2 $16) 42... Rh1+ 43. Kf2 Rxe1 44. Kxe1 Bxe4 45. Kd2 (45. Nxc5 Bd5 $16)) 38... Nd3 $11 {[%emt 0:00:09] The position is equal.} 39. Bc3 Rc2 40. Bxg7+ Kg8 41. Rd1 Bxe4 42. Ng5 Rxg2+ 43. Kf1 Rf2+ 44. Kg1 Rg2+ {Weighted Error Value: White=0.30/Black=0.30  Loses game:     	---       	Black=1      Missed win:     	White=2     	---        Mistake:       	White=4     	Black=4      Inaccurate:     	White=1     	---        OK:         	White=9     	Black=16     Best:        	White=4     	Black=7      Brilliant:      	White=1     	---} 1/2-1/2